 Dungeon Crawl Stone Soup version 0.19.1 (webtiles) character file.

305 RudyRod the Shield-Bearer (level 6, -8/52 HPs)
             Began as a Draconian Fighter on Nov 24, 2016.
             Splashed by a jelly's acid (11 damage)
             ... on level 6 of the Dungeon on Nov 25, 2016.
             The game lasted 00:10:30 (3268 turns).

RudyRod the Shield-Bearer (Draconian Fighter)       Turns: 3268, Time: 00:10:32

Health: -8/52      AC: -6    Str: 19    XL:     6   Next: 15%
Magic:  6/6        EV: 11    Int:  8    God:
Gold:   190        SH: 10    Dex: 12    Spells: 0 memorised, 5 levels left

rFire  x . .     SeeInvis .     a - +0 long sword
rCold  + . .     Gourm    .     (armour unavailable)
rNeg   . . .     Faith    .     b - +1 shield
rPois  .         Spirit   .     (helmet restricted)
rElec  .         Reflect  .     (no cloak)
rCorr  .         Harm     .     (no gloves)
MR     .....                    (no boots)
Stlth  ++........               (no amulet)
                                (no ring)
                                o - ring of ice

@: corroded
A: unfitting armour, cold-blooded, AC +6
a: no special abilities


You were on level 6 of the Dungeon.
You were not hungry.

You visited 1 branch of the dungeon, and saw 5 of its levels.

You collected 190 gold pieces.

Inventory:

Hand Weapons
 a - a +0 long sword (weapon)
Armour
 b - a +1 shield (worn)
Jewellery
 o - a ring of ice (left hand)
Scrolls
 f - a scroll of enchant armour
 k - 4 scrolls of identify
 q - a scroll of teleportation
Potions
 c - a potion of might
 e - 2 potions of curing {unknown}
 g - 3 potions of flight
 h - a potion of invisibility {unknown}
 n - a potion of heal wounds {unknown}
 p - a potion of haste {unknown}
 s - a potion of lignification {unknown}
 t - a potion of magic {unknown}
 u - 2 potions of mutation {unknown}
 w - 2 potions of agility {unknown}
 B - a potion of cure mutation {unknown}
 C - a potion of cancellation {unknown}
Books
 r - a book of Maledictions

   Spells                             Type                      Level
   a - Corona                         Hexes                        1
   b - Ensorcelled Hibernation        Hexes/Ice                    2
   c - Confuse                        Hexes                        3
   d - Tukima's Dance                 Hexes                        3
   e - Dazzling Spray                 Conjuration/Hexes            3
Comestibles
 d - 2 bread rations
 i - a meat ration
 j - a chunk of flesh
 m - 2 royal jellies
 x - a slice of pizza
 A - 5 fruits


   Skills:
 + Level 4.0 Fighting
 + Level 3.6 Long Blades
 * Level 3.9 Dodging
 + Level 1.5 Stealth
 * Level 4.4 Shields


You had 5 spell levels left.
You didn't know any spells.

Dungeon Overview and Level Annotations

Branches:
Dungeon (4/15)
 Temple: D:4-7

Altars:

Shops:
D:4 =


Innate Abilities, Weirdness & Mutations

Your plain brown scales are hard. (AC +6)
You cannot fit into any form of body armour.
You are cold-blooded and may be slowed by cold attacks.


Message History

You hit the jelly.
Your hands burn!
* * * LOW HITPOINT WARNING * * *
You tail-slap the jelly, but do no damage.
The jelly is heavily wounded.
You block the jelly's attack.
You hit the jelly but do no damage.
Your hands burn!
* * * LOW HITPOINT WARNING * * *
The jelly is heavily wounded.
The jelly barely misses you.
You riposte.
You hit the jelly.
You tail-slap the jelly, but do no damage.
The jelly is heavily wounded.
You block the jelly's attack.
You slash the jelly!
Your hands burn!
* * * LOW HITPOINT WARNING * * *
You tail-slap the jelly, but do no damage.
The jelly is almost dead.
The jelly hits you.
* * * LOW HITPOINT WARNING * * *
You are splashed with acid!
The acid burns!
You die...

###+##
....#
#...#
#.J.#
#.@.#
#...#
#...#
#####


You could see a jelly.

Vanquished Creatures
  An orc priest (D:3)
  3 orc wizards
  3 gnolls (D:3)
  6 adders
  An ooze (D:2)
  2 worms
  6 dart slugs
  5 leopard geckos
  11 orcs
  A giant cockroach (D:3)
  5 goblins
  5 hobgoblins
  5 kobolds
  3 quokkas
  2 ball pythons
  7 bats
  6 frilled lizards
  5 rats
77 creatures vanquished.

Notes
Turn   | Place    | Note
-------+----------+-------------------------------------------
     0 | D:1      | RudyRod the Draconian Fighter began the quest for the Orb.
     0 | D:1      | Reached XP level 1. HP: 19/19 MP: 1/1
   303 | D:1      | Reached XP level 2. HP: 26/26 MP: 2/2
   888 | D:2      | Reached XP level 3. HP: 10/33 MP: 3/3
  1626 | D:2      | Reached XP level 4. HP: 34/40 MP: 4/4
  2299 | D:3      | Reached skill level 1 in Stealth
  2330 | D:3      | Reached XP level 5. HP: 37/46 MP: 5/5
  3076 | D:4      | Reached XP level 6. HP: 33/52 MP: 6/6
  3237 | D:4      | Found Ikesch's Jewellery Shoppe.
  3259 | D:4      | You fall through a shaft for 2 floors!
  3268 | D:6      | Splashed by a jelly's acid

Skill      XL: |  1  2  3  4  5 |
---------------+----------------+-----
Dodging        | 3 |  3.9
Shields        | 4 |  4.4
Stealth        | 1 |  1.5
Long Blades    | 3 |  3.6
Fighting       | 4 |  4.0

Action                   |  1- 3 |  4- 6 || total
-------------------------+-------+-------++-------
Melee: Long sword        |   104 |   130 ||   234
       Tailslap          |     8 |    19 ||    27
  Use: Scroll            |       |     8 ||     8
 Stab: Sleeping          |       |     5 ||     5
  Eat: Chunk             |     2 |     6 ||     8
Armor: Skin              |    21 |    35 ||    56
Dodge: Dodged            |    61 |    60 ||   121
Block: Shield            |    56 |    58 ||   114
       Rpst.: Long sword |    20 |    25 ||    45
